cohdb
Replays
Latest Replays
All Replays
Popular Replays
Top Player Replays
Match Explorer
How It Works
Community
CoH3 Stats
Reddit
Sign in to upload your games and track your stats! →
Sign in with Steam
Match 43616719
Unlisted
Match 43616719
Overview
Messages
Build Orders
End
Panzergrenadier Squad
250 Light Carrier
Panzerpioneer Squad
Construct Light Support Kompanie
Selects Armored Support Battlegroup
MG34 Team
Selects Salvage Kits
Panzerjäger Squad
Fire Support Elements
Assault Mechanized Group
Flakvierling Half-track
Selects Superior Fire Drills
2.5-tonne Medical Truck
Construct Mechanized Kompanie
Panzerjäger Squad
Selects Flammpanzer III Medium Tank
Assault Mechanized Group
Combat Half-tracks
Marder III Tank Destroyer
Selects Command Panzer IV F Medium Tank
StuG III D Assault Gun
Selects Panzer Storm
Vehicle Survival Package
MG34 Team
Panzerjäger Mechanized Group
bigcheese
Joesn
Pewbob
Yoyaso
Enceladus
Venger
0
0
Comments
sign in to comment!
No comments posted yet!